 Dungeon Crawl Stone Soup version 0.27.0-1-g7a089689b8 (webtiles) character file.

Game seed: 6836031142324918275

119 fiver49 the Cutter (level 4, -4/26 HPs)
             Began as a Vampire Hunter on Aug 3, 2021.
             Was an Initiate of Dithmenos.
             Slain by Eustachio (5 damage)
             ... on level 4 of the Dungeon.
             The game lasted 00:06:00 (3720 turns).

fiver49 the Cutter (Vampire Hunter)                 Turns: 3720, Time: 00:06:01

Health: -4/26      AC:  7    Str: 12      XL:     4   Next: 73%
Magic:  4/4        EV: 10    Int: 13      God:    Dithmenos [......]
Gold:   242        SH:  0    Dex: 13 (14) Spells: 3/3 levels left

rFire    . . .     SeeInvis +   a - +0 short sword
rCold    + + .     Faith    .   (no shield)
rNeg     + + +     Spirit   .   k - +0 ring mail
rPois    ∞         Reflect  .   m - +0 helmet
rElec    .         Harm     .   f - +0 cloak
rCorr    .         Rampage  .   (no gloves)
Will     .....                  (no boots)
Stlth    ++++......             (no amulet)
HPRegen  0.00/turn              (no ring)
MPRegen  0.09/turn              (no ring)

@: mighty, bloodless, inhibited regen
A: bloodless, fangs 3, see invisible, vampiric 2
a: Bat Form, Revivify, Renounce Religion


You were on level 4 of the Dungeon.
You worshipped Dithmenos.
Dithmenos was noncommittal.
You visited 1 branch of the dungeon, and saw 4 of its levels.

You collected 242 gold pieces.

Inventory:

Hand Weapons
 a - a +0 short sword (weapon)
Missiles
 c - 10 javelins
 d - 3 throwing nets
 l - 11 poisoned darts (quivered)
Armour
 b - a +0 leather armour
 f - a +0 cloak (worn)
 k - a +0 ring mail (worn)
 m - a +0 helmet (worn)
Scrolls
 e - a scroll of blinking {unknown}
 i - a scroll of fog {unknown}
 j - a scroll of silence {unknown}
Potions
 g - a potion of curing {unknown}
 h - a potion of might
 n - a potion of cancellation {unknown}


   Skills:
 - Level 1.7 Fighting
 * Level 4.1 Short Blades
 - Level 3.2 Throwing
 - Level 2.1 Dodging
 - Level 4.0 Stealth


You had 3 spell levels left.
You didn't know any spells.
Your spell library contained the following spells:

 Spells                   Type           Power      Damage    Failure   Level
 Inner Flame              Hex/Fire       0%         N/A       91%         3
 Cause Fear               Hex            0%         N/A       100%        4
 Discord                  Hex            0%         N/A       100%        8


Dungeon Overview and Level Annotations

Branches:
Dungeon (4/15)
 Temple: D:4-7

Altars:
Dithmenos

Annotations:
D:3 1 runed translucent door, exclusion: phantom, Crazy Yiuf
D:4 Eustachio


Innate Abilities, Weirdness & Mutations

You do not regenerate when monsters are visible.
You are frail without blood (-20% HP).
You can heal yourself when you bite living creatures.
You are immune to poison.
You have razor-sharp teeth.
You have supernaturally acute eyesight. (SInv)
You are afflicted with vampirism and can become a bat while bloodless.


Message History

The quasit bites you but does no damage.
The quasit claws you but does no damage.
The quasit claws you.
You feel clumsy.
You barely miss Eustachio.
Eustachio is moderately wounded.
The white imp gestures at you.
The puff of frost hits you but does no damage.
You resist. Eustachio hits you with a +0 rapier.
* * * LOW HITPOINT WARNING * * *
The quasit closely misses you. x2
The quasit claws you but does no damage.
The quokka barely misses you.
You hit Eustachio but do no damage.
Eustachio is moderately wounded.
The quasit bites you but does no damage.
The quasit barely misses you.
The quasit claws you but does no damage.
The white imp barely misses you. The quokka barely misses you.
Eustachio hits you with a +0 rapier.
* * * LOW HITPOINT WARNING * * *
It was a potion of might.
You feel very mighty all of a sudden.
The quasit bites you but does no damage.
The quasit closely misses you.
The quasit claws you but does no damage.
The quokka completely misses you. The white imp hits you.
* * * LOW HITPOINT WARNING * * *
The white imp freezes you. You resist.
* * * LOW HITPOINT WARNING * * *
Eustachio hits you but does no damage.
You closely miss Eustachio.
Eustachio is moderately wounded.
The white imp disappears in a puff of smoke!
The quasit bites you but does no damage.
The quasit barely misses you.
The quasit claws you but does no damage.
The quokka bites you but does no damage.
Eustachio hits you with a +0 rapier.
You die...

#.##.#####.##.##...
#.#.........### ..
#.###.......# .
....#.......#
#####..#.#.#####
....#.#.....# ##
##.
#.#####.#########
... .
......5r5r@......
.#.
..#.....#@######
... ###....#§# ..
......##.#
...#.#.§..#
...#.....## ..
#.#.#.# #.#...#
#####


You could see Eustachio, a quasit (summoned), a white imp (summoned), a quokka
(summoned) and a rat (summoned).

Vanquished Creatures
  3 adders
  2 worms (D:3)
  A dart slug (D:2)
  2 orcs
  8 ball pythons
  7 endoplasms
  3 giant cockroaches
  2 goblins
  7 hobgoblins
  13 jackals
  A quokka (D:2)
  10 bats
  5 frilled lizards
  5 kobolds
  6 rats
75 creatures vanquished.

Notes
Turn   | Place    | Note
-------+----------+-------------------------------------------
     0 | D:1      | fiver49 the Vampire Hunter began the quest for the Orb.
     0 | D:1      | Reached XP level 1. HP: 16/16 MP: 1/1
    92 | D:1      | Reached skill level 1 in Short Blades
   234 | D:1      | Reached XP level 2. HP: 11/17 MP: 2/2
   917 | D:1      | Found a faded altar of an unknown god.
  1031 | D:1      | Gained mutation: You are afflicted with vampirism and can
                  | become a bat while bloodless. [Vampire growth]
  1031 | D:1      | Reached XP level 3. HP: 21/21 MP: 3/3
  1807 | D:2      | Reached XP level 4. HP: 20/26 MP: 4/4
  2288 | D:3      | Noticed a phantom
  2854 | D:3      | Found a shadowy altar of Dithmenos.
  2864 | D:3      | Became a worshipper of Dithmenos the Shadowed
  3274 | D:3      | Found a runed translucent door.
  3275 | D:3      | Noticed Crazy Yiuf
  3695 | D:4      | Noticed Eustachio
  3719 | D:4      | HP: 1/26 [white imp[Eustachio] (1)]
  3720 | D:4      | Slain by Eustachio

Illustrated notes

Levels and vault maps discovered:
D:1:      dpeg_arrival_water_temple_mockup, layout_basic,
          hellmonk_ecumenical_altar_zigzags
D:2:      layout_rooms
D:3:      layout_basic, amcnicky_altar_gilded, minivault_5,
          uniq_crazy_yiuf_cottage
D:4:      layout_basic, uniq_eustachio

Skill      XL: |  1  2  3  4 |
---------------+-------------+-----
Short Blades   | 1 2 3 4 |  4.1
Stealth        | 2 3 4 |  4.0
Fighting       | |  1.7
Throwing       | |  3.2
Dodging        | |  2.1

Action                   |  1- 3 |  4- 6 || total
-------------------------+-------+-------++-------
Melee: Short sword       |   152 |   110 ||   262
       Bite              |    12 |     8 ||    20
Throw: Dart              |     1 |     4 ||     5
 Abil: Exsanguinate      |     1 |       ||     1
  Use: Potion            |       |     1 ||     1
 Stab: Sleeping          |    16 |     9 ||    25
Armor: Leather armour    |    49 |       ||    49
       Ring mail         |    24 |    40 ||    64
Dodge: Dodged            |   111 |    67 ||   178
